Map: Kairos Junction LE

Players

Mez - Winner!

  • Race: Terran Terran
  • League: Master
  • Spawn Location: 5:00

Danjuw

  • Race: Zerg Zerg
  • League: Master
  • Spawn Location: 11:00

VOD

Have the link to the VOD?

Description

Time

  • Played on: Aug. 6, 2019, 4:11 p.m.
  • Length: 9:36
Show
View Real Time Build Order
Export as new Build Order

Mez Terran - Winner!

Build Orders: Reaper Expand 

Get SALT Encoding   

  12  0:00  SCV  
  13  0:13  SCV  
  14  0:17  Supply Depot  
  14  0:25  SCV  
  15  0:39  SCV  
  15  0:40  Barracks  
  16  0:44  Refinery  
  16  0:51  SCV  
  17  1:03  SCV  
  18  1:15  SCV  
  19  1:29  Reaper, Orbital Command  
  20  1:43  Command Center  
  20  1:55  SCV  
  21  2:02  Barracks Reactor, Supply Depot  
  21  2:07  SCV  
  22  2:19  SCV  
  23  2:23  Command Center  
  23  2:40  Marine x2  
  25  2:47  SCV  
  26  2:56  Barracks  
  26  2:58  Orbital Command  
  26  3:00  Marine x2  
  26  3:05  Bunker  
  28  3:08  SCV  
  29  3:20  SCV  
  28  3:32  Refinery  
  28  3:41  Orbital Command  
  28  3:48  Engineering Bay  
  28  3:51  Barracks Tech Lab  
  28  3:53  SCV  
  28  3:55  SCV  
  30  3:59  Marine x2  
  32  4:03  Supply Depot  
  32  4:05  SCV  
  33  4:11  Stimpack  
  33  4:14  SCV x2  
  33  4:15  Terran Infantry Weapons Level 1  
  33  4:16  Factory  
  35  4:17  SCV  
  36  4:26  Refinery, SCV x2  
  36  4:30  SCV  
  39  4:34  Supply Depot  
  39  4:38  SCV  
  39  4:39  SCV  
  39  4:42  SCV  
  42  4:49  Marine  
  42  4:50  Marine x2  
  42  4:51  SCV x2  
  47  4:55  Barracks x2  
  47  4:56  Barracks  
  47  5:00  SCV  
  47  5:03  SCV  
  47  5:06  Armory  
  49  5:07  Marine x2  
  49  5:09  Engineering Bay  
  49  5:10  Marine  
  52  5:14  SCV x2  
  52  5:15  SCV  
  55  5:23  Supply Depot  
  55  5:24  Refinery  
  55  5:26  SCV  
  56  5:32  Marine x2  
  56  5:33  SCV x2, Marine  
  61  5:37  Terran Infantry Armor Level 1  
  61  5:38  SCV  
  61  5:39  Supply Depot  
  62  5:49  SCV x2  
  64  5:56  Barracks Reactor  
  64  5:57  Barracks Reactor  
  64  6:02  Barracks  
  64  6:03  Barracks, Orbital Command  
  64  6:05  Marine x2  
  64  6:07  Barracks Reactor  
  64  6:11  Barracks, Starport, Factory Reactor  
  66  6:12  Terran Infantry Weapons Level 2  
  66  6:14  Marine  
  66  6:15  SCV  
  66  6:18  SCV  
  69  6:23  Marine, Supply Depot  
  69  6:25  Supply Depot  
  70  6:29  SCV x2  
  70  6:30  SCV  
  73  6:36  Combat Shield  
  73  6:38  Marine  
  74  6:41  Supply Depot  
  74  6:42  Marine x4  
  78  6:55  Marine x3  
  78  6:56  Marine  
  78  6:58  Barracks Reactor x3  
  78  6:59  SCV  
  78  7:00  SCV x2  
  85  7:02  Medivac x2  
  85  7:08  Supply Depot  
  89  7:10  Marine, Supply Depot  
  89  7:11  SCV, Marine x4  
  89  7:12  SCV  
  89  7:13  SCV  
  97  7:24  SCV x2  
  97  7:25  SCV  
  97  7:26  Barracks  
  97  7:27  Barracks  
  97  7:28  Marine  
  97  7:29  Marine x5  
  106  7:32  Marine x3  
  106  7:36  SCV x2, Medivac x2  
  100  7:59  Marine x15  
  100  8:02  Supply Depot  
  100  8:04  Supply Depot  
  115  8:07  Medivac x2  
  119  8:17  Marine  
  119  8:18  Marine x7, Supply Depot  
  119  8:19  Barracks Tech Lab x2  
  127  8:20  Marine, Marauder  
  127  8:21  Marine x3  
  127  8:24  Marine x2  
  127  8:26  Supply Depot  
  135  8:29  Supply Depot  
  135  8:35  Marine  
  135  8:39  Marine x5  
  135  8:40  Marine x8  
  135  8:41  Marine  
  149  8:42  Marine x2  
  149  8:47  Medivac x2  
  156  8:53  Marine  
  124  9:10  Marine  
  124  9:11  Marine x5  
  124  9:12  Marine  
  124  9:13  Marine x10  
  135  9:21  SCV x3  
Show
View Real Time Build Order
Export as new Build Order

Danjuw Zerg 

Build Orders: Hatch First 

Get SALT Encoding   

  12  0:00  Drone  
  13  0:12  Overlord  
  13  0:19  Drone  
  14  0:30  Drone x2  
  14  0:34  Drone  
  17  0:53  Hatchery  
  17  0:56  Drone  
  17  0:59  Drone  
  18  1:12  Extractor  
  18  1:15  Spawning Pool  
  18  1:17  Drone  
  17  1:20  Drone  
  18  1:28  Drone  
  19  1:39  Overlord  
  19  2:01  Queen  
  19  2:05  Zergling x6  
  24  2:11  Drone  
  24  2:15  Metabolic Boost  
  25  2:17  Drone  
  25  2:22  Drone  
  27  2:30  Drone  
  27  2:31  Queen  
  30  2:42  Queen  
  32  2:47  Overlord  
  32  2:51  Drone x2  
  32  2:52  Drone  
  32  2:54  Drone  
  36  3:10  Hatchery  
  35  3:21  Overlord  
  35  3:22  Drone x5  
  40  3:27  Overlord  
  40  3:28  Drone  
  41  3:35  Overlord  
  41  3:39  Evolution Chamber  
  40  3:46  Queen  
  40  3:48  Drone x3  
  45  3:57  Drone x5  
  45  4:02  Drone  
  50  4:04  Zerg Melee Weapons Level 1  
  50  4:06  Drone  
  51  4:11  Overlord  
  51  4:17  Drone  
  51  4:18  Drone  
  51  4:22  Queen, Baneling Nest  
  54  4:35  Zergling x12  
  54  4:37  Overlord x2  
  60  4:41  Lair  
  60  4:49  Drone  
  60  4:50  Drone x5  
  60  4:51  Drone  
  67  5:10  Drone  
  67  5:11  Extractor  
  67  5:13  Extractor  
  67  5:14  Extractor  
  65  5:15  Roach Warren  
  65  5:19  Evolution Chamber  
  65  5:20  Drone x3  
  67  5:30  Drone x11  
  67  5:32  Overlord  
  78  5:41  Zergling x2  
  78  5:42  Zergling x8  
  83  5:51  Baneling x6  
  82  6:00  Hydralisk Den  
  82  6:07  Zerg Melee Weapons Level 2  
  82  6:14  Drone x2  
  84  6:28  Drone x3, Extractor  
  84  6:29  Drone x4, Extractor  
  84  6:30  Overlord x4  
  84  6:31  Overlord  
  89  6:32  Hatchery  
  89  6:34  Hatchery  
  89  6:35  Zerg Ground Armor Level 1  
  89  6:38  Centrifical Hooks  
  89  6:39  Zergling x2  
  88  6:40  Zergling x4  
  88  6:41  Overlord x2  
  90  6:47  Queen  
  92  6:56  Zergling x16  
  100  7:02  Baneling x10  
  100  7:11  Drone  
  100  7:14  Overlord, Drone x3  
  100  7:15  Overlord x2  
  104  7:20  Zergling x12  
  110  7:37  Zergling x18  
  91  7:58  Zergling x2  
  91  7:59  Zergling x18  
  100  8:07  Drone x3  
  100  8:11  Infestation Pit  
  100  8:12  Zergling x2  
  103  8:13  Zergling x14  
  103  8:14  Baneling  
  103  8:15  Baneling x16  
  110  8:37  Zergling x2  
  110  8:38  Zergling x34  
  118  9:01  Zergling x2  
  118  9:02  Zergling x12  
  106  9:16  Zergling x16  
  106  9:17  Zergling x10  
Tags
 
Add a new tag
Caveats
  • Supply blocks, unpowered buildings, or Contaminate may cause inaccurate times.
  • Supply counts are checked every 10 seconds.